2869 views
Uploaded 2020-02-28 20:10:59
Game version 1.32.2
43:58 long 4on4 ladder game on (8)TwilightRuins_LV
Saved by BEARAND
2869 views
Uploaded 2020-02-28 20:10:59
Game version 1.32.2
43:58 long 4on4 ladder game on (8)TwilightRuins_LV


127 units @ 15.4k
/ 1.9k
270 buildings @ 23.4k
/ 13.4k
BEARAND
(43:57) : 


| Staff of Sanctuary | 3 | 750 |
| Lesser Clarity Potion | 1 | 70 |
| Scroll of Town Portal | 2 | 700 |
| Boots of Speed | 3 | 750 |
| Staff of Teleportation | 3 | 450 |
| Periapt of Vitality | 1 | 325 |
| Healing Salve | 2 | 200 |
| Orb of Lightning | 2 | 750 |
| total: | 17 | 3995g |
| Peasant | 15 | 1125 | / | 0 |
| Priest | 1 | 135 | / | 10 |
| Dragonhawk Rider | 5 | 1000 | / | 150 |
| total: | 21 | 2260g | / | 160w |
| Scout Tower | 69 | 2070 | / | 1380 |
| Arcane Tower | 8 | 560 | / | 400 |
| Guard Tower | 40 | 2800 | / | 2000 |
| Altar of Kings | 2 | 360 | / | 100 |
| Farm | 4 | 320 | / | 80 |
| Lumber Mill | 1 | 120 | / | 0 |
| Town Hall | 2 | 770 | / | 410 |
| Arcane Vault | 2 | 260 | / | 60 |
| Blacksmith | 1 | 140 | / | 60 |
| Barracks | 1 | 160 | / | 60 |
| Arcane Sanctum | 1 | 150 | / | 140 |
| Gryphon Aviary | 1 | 140 | / | 150 |
| Keep | 1 | 320 | / | 210 |
| Castle | 1 | 360 | / | 210 |
| total: | 84 | 4490g | / | 2440w |
| 0:02 | Peasant |
| 0:02 | Peasant |
| 0:08 | Altar of Kings |
| 0:10 | Altar of Kings |
| 0:13 | Peasant |
| 0:18 | Farm |
| 0:23 | Peasant |
| 0:41 | Farm |
| 0:44 | Scout Tower |
| 0:46 | Scout Tower |
| 1:01 | Lumber Mill |
| 1:09 | Peasant |
| 1:10 | Peasant |
| 1:16 | Peasant |
| 1:28 | Peasant |
| 1:33 | Scout Tower |
| 1:36 | Arcane Tower |
| 1:45 | Peasant |
| 1:58 | Scout Tower |
| 2:01 | Peasant |
| 2:08 | Blizzard |
| 2:10 | Guard Tower |
| 2:12 | Scout Tower |
| 2:13 | Scout Tower |
| 2:13 | Peasant |
| 2:14 | Peasant |
| 2:43 | Peasant |
| 2:44 | Peasant |
| 2:44 | Guard Tower |
| 2:47 | Scout Tower |
| 2:48 | Scout Tower |
| 3:16 | Guard Tower |
| 3:34 | Guard Tower |
| 3:37 | Improved Masonry |
| 3:39 | Keep |
| 4:09 | Farm |
| 4:10 | Farm |
| 4:12 | Guard Tower |
| 4:13 | Scout Tower |
| 4:13 | Scout Tower |
| 4:14 | Scout Tower |
| 4:14 | Scout Tower |
| 4:15 | Scout Tower |
| 4:15 | Scout Tower |
| 4:15 | Scout Tower |
| 4:41 | Guard Tower |
| 5:23 | Boots of Speed |
| 5:25 | Brilliance Aura |
| 5:34 | Guard Tower |
| 6:21 | Town Hall |
| 6:29 | Scout Tower |
| 6:29 | Scout Tower |
| 6:30 | Scout Tower |
| 6:30 | Scout Tower |
| 6:31 | Scout Tower |
| 6:32 | Scout Tower |
| 7:13 | Arcane Tower |
| 7:13 | Guard Tower |
| 7:16 | Scout Tower |
| 7:17 | Scout Tower |
| 7:17 | Scout Tower |
| 7:18 | Scout Tower |
| 7:18 | Scout Tower |
| 7:19 | Scout Tower |
| 7:23 | Storm Bolt |
| 7:52 | Guard Tower |
| 8:14 | Castle |
| 8:14 | Guard Tower |
| 8:16 | Improved Lumber Harvesting |
| 8:18 | Blizzard |
| 8:27 | Advanced Masonry |
| 9:23 | Guard Tower |
| 9:24 | Arcane Tower |
| 9:27 | Arcane Sanctum |
| 10:05 | Arcane Vault |
| 10:06 | Guard Tower |
| 10:06 | Guard Tower |
| 10:09 | Arcane Vault |
| 10:25 | Boots of Speed |
| 10:25 | Staff of Teleportation |
| 10:38 | Healing Salve |
| 10:57 | Scout Tower |
| 10:58 | Scout Tower |
| 10:58 | Scout Tower |
| 11:39 | Holy Light |
| 11:42 | Magic Sentry |
| 11:42 | Priest |
| 11:44 | Staff of Sanctuary |
| 11:55 | Guard Tower |
| 11:56 | Imbued Masonry |
| 12:05 | Guard Tower |
| 12:07 | Staff of Sanctuary |
| 12:20 | Bash |
| 12:39 | Peasant |
| 13:01 | Guard Tower |
| 13:26 | Scout Tower |
| 13:26 | Scout Tower |
| 13:27 | Scout Tower |
| 13:27 | Scout Tower |
| 13:28 | Scout Tower |
| 13:28 | Scout Tower |
| 13:56 | Orb of Lightning |
| 13:58 | Staff of Teleportation |
| 14:08 | Boots of Speed |
| 14:08 | Periapt of Vitality |
| 14:12 | Guard Tower |
| 14:15 | Scout Tower |
| 14:16 | Scout Tower |
| 14:16 | Scout Tower |
| 14:17 | Scout Tower |
| 14:18 | Scout Tower |
| 14:18 | Scout Tower |
| 14:19 | Scout Tower |
| 14:20 | Scout Tower |
| 14:20 | Scout Tower |
| 14:23 | Priest Adept Training |
| 14:54 | Guard Tower |
| 14:58 | Scout Tower |
| 14:59 | Scout Tower |
| 14:59 | Scout Tower |
| 15:00 | Scout Tower |
| 15:00 | Scout Tower |
| 15:01 | Scout Tower |
| 15:01 | Scout Tower |
| 15:01 | Scout Tower |
| 15:02 | Scout Tower |
| 16:00 | Staff of Teleportation |
| 16:48 | Guard Tower |
| 16:49 | Scout Tower |
| 16:50 | Scout Tower |
| 16:50 | Scout Tower |
| 16:50 | Scout Tower |
| 17:17 | Guard Tower |
| 18:22 | Divine Shield |
| 18:23 | Brilliance Aura |
| 18:37 | Guard Tower |
| 18:38 | Arcane Tower |
| 18:38 | Arcane Tower |
| 18:39 | Guard Tower |
| 18:40 | Guard Tower |
| 18:41 | Guard Tower |
| 19:19 | Scout Tower |
| 19:19 | Scout Tower |
| 19:20 | Scout Tower |
| 19:20 | Scout Tower |
| 19:21 | Scout Tower |
| 19:21 | Scout Tower |
| 19:22 | Scout Tower |
| 19:50 | Staff of Sanctuary |
| 20:33 | Storm Bolt |
| 20:52 | Orb of Lightning |
| 20:56 | Healing Salve |
| 20:57 | Lesser Clarity Potion |
| 21:17 | Guard Tower |
| 21:19 | Arcane Tower |
| 21:20 | Arcane Tower |
| 21:20 | Arcane Tower |
| 21:21 | Guard Tower |
| 21:22 | Guard Tower |
| 21:23 | Guard Tower |
| 22:07 | Guard Tower |
| 23:55 | Guard Tower |
| 24:18 | Gryphon Aviary |
| 24:19 | Blacksmith |
| 24:20 | Barracks |
| 24:31 | Scroll of Town Portal |
| 25:48 | Dragonhawk Rider |
| 25:48 | Dragonhawk Rider |
| 25:48 | Dragonhawk Rider |
| 26:58 | Holy Light |
| 27:28 | Town Hall |
| 27:34 | Scout Tower |
| 27:34 | Scout Tower |
| 27:35 | Scout Tower |
| 27:35 | Scout Tower |
| 27:56 | Blizzard |
| 28:31 | Guard Tower |
| 28:48 | Guard Tower |
| 28:48 | Guard Tower |
| 28:56 | Bash |
| 30:07 | Animal War Training |
| 30:11 | Iron Forged Swords |
| 30:11 | Studded Leather Armor |
| 30:29 | Dragonhawk Rider |
| 30:29 | Dragonhawk Rider |
| 30:48 | Divine Shield |
| 31:20 | Storm Hammers |
| 31:20 | Cloud |
| 31:45 | Steel Forged Swords |
| 36:22 | Scroll of Town Portal |
| 37:43 | Storm Bolt |
| 39:19 | Mass Teleport |
| 39:56 | Holy Light |
| Right click | 4216 |
| Select | 1139 |
| Select group | 901 |
| Use ability | 191 |
| Build/train/purchase | 181 |
| Chat | 102 |
| Resource trade | 74 |
| Minimap ping | 24 |
| Misc. action | 21 |
| Assign group | 17 |
| Item give/drop | 11 |
| Remove unit | 1 |


| Healing Salve | 3 | 300 |
| Lesser Clarity Potion | 2 | 140 |
| Orb of Lightning | 1 | 375 |
| Scroll of Town Portal | 3 | 1050 |
| total: | 9 | 1865g |
| Peon | 15 | 1125 | / | 0 |
| Grunt | 8 | 1600 | / | 0 |
| Shaman | 3 | 390 | / | 60 |
| Troll Witch Doctor | 3 | 435 | / | 75 |
| Tauren | 1 | 280 | / | 80 |
| Troll Headhunter | 2 | 280 | / | 40 |
| total: | 32 | 4110g | / | 255w |
| Orc Burrow | 5 | 800 | / | 200 |
| Altar of Storms | 1 | 180 | / | 50 |
| Barracks | 3 | 540 | / | 150 |
| Voodoo Lounge | 1 | 130 | / | 30 |
| War Mill | 2 | 410 | / | 0 |
| Great Hall | 1 | 385 | / | 185 |
| Spirit Lodge | 3 | 450 | / | 450 |
| Tauren Totem | 3 | 405 | / | 465 |
| Stronghold | 1 | 315 | / | 190 |
| Fortress | 1 | 325 | / | 190 |
| total: | 19 | 3300g | / | 1530w |
| 0:03 | Peon |
| 0:03 | Peon |
| 0:12 | Orc Burrow |
| 0:23 | Altar of Storms |
| 0:30 | Peon |
| 0:45 | Barracks |
| 0:49 | Peon |
| 0:49 | Peon |
| 1:07 | Peon |
| 1:31 | Voodoo Lounge |
| 1:37 | Peon |
| 1:48 | Orc Burrow |
| 1:59 | War Mill |
| 2:13 | Grunt |
| 2:36 | Healing Wave |
| 2:40 | Grunt |
| 2:43 | Healing Salve |
| 3:13 | Grunt |
| 3:39 | Steel Armor |
| 3:48 | Grunt |
| 4:15 | Stronghold |
| 4:28 | Orc Burrow |
| 4:43 | Steel Melee Weapons |
| 4:51 | Serpent Ward |
| 5:20 | Lesser Clarity Potion |
| 5:32 | Grunt |
| 6:43 | Great Hall |
| 6:49 | Healing Wave |
| 7:01 | Spirit Lodge |
| 7:04 | Spirit Lodge |
| 7:12 | Berserker Strength |
| 7:22 | Lesser Clarity Potion |
| 7:26 | Healing Salve |
| 8:25 | Endurance Aura |
| 8:30 | Orc Burrow |
| 8:32 | Orc Burrow |
| 8:34 | Shaman Adept Training |
| 8:35 | Witch Doctor Adept Training |
| 8:43 | Peon |
| 8:43 | Peon |
| 9:20 | Shaman |
| 9:21 | Troll Witch Doctor |
| 9:48 | Peon |
| 9:48 | Peon |
| 9:51 | Fortress |
| 9:57 | Shaman |
| 9:57 | Troll Witch Doctor |
| 10:12 | Thorium Armor |
| 10:38 | Shaman |
| 10:39 | Troll Witch Doctor |
| 11:45 | Scroll of Town Portal |
| 11:47 | Grunt |
| 12:13 | Tauren Totem |
| 12:17 | Tauren Totem |
| 12:29 | Tauren Totem |
| 12:37 | Witch Doctor Master Training |
| 12:55 | Shaman Master Training |
| 12:57 | Grunt |
| 12:57 | Grunt |
| 13:53 | Barracks |
| 14:05 | Orb of Lightning |
| 14:06 | Healing Salve |
| 14:08 | Scroll of Town Portal |
| 14:13 | Scroll of Town Portal |
| 14:20 | Tauren |
| 14:46 | Serpent Ward |
| 15:05 | Troll Headhunter |
| 15:05 | Troll Headhunter |
| 16:07 | Barracks |
| 16:25 | Spirit Lodge |
| 16:27 | Peon |
| 16:27 | Peon |
| 16:34 | War Mill |
| 16:42 | Peon |
| 16:42 | Peon |
| Right click | 488 |
| Select group | 363 |
| Select | 247 |
| Misc. action | 187 |
| Build/train/purchase | 67 |
| Chat | 40 |
| Use ability | 35 |
| Resource trade | 30 |
| Assign group | 23 |
| Esc | 4 |
| Item give/drop | 3 |
⇛
iggythefisk
(43:55) : 


| Scroll of Regeneration | 1 | 100 |
| Orb of Fire | 3 | 975 |
| Staff of Sanctuary | 3 | 750 |
| Lesser Clarity Potion | 2 | 140 |
| Boots of Speed | 3 | 750 |
| Staff of Teleportation | 3 | 450 |
| Potion of Invisibility | 1 | 100 |
| Potion of Lesser Invulnerability | 1 | 150 |
| Ancient Janggo of Endurance | 1 | 500 |
| Medallion of Courage | 1 | 500 |
| Talisman of Evasion | 1 | 300 |
| total: | 20 | 4715g |
| Peasant | 20 | 1500 | / | 0 |
| Priest | 1 | 135 | / | 10 |
| Dragonhawk Rider | 3 | 600 | / | 90 |
| Goblin Zeppelin | 1 | 240 | / | 60 |
| total: | 25 | 2475g | / | 160w |
| Scout Tower | 63 | 1890 | / | 1260 |
| Arcane Tower | 3 | 210 | / | 150 |
| Guard Tower | 37 | 2590 | / | 1850 |
| Altar of Kings | 1 | 180 | / | 50 |
| Lumber Mill | 1 | 120 | / | 0 |
| Farm | 4 | 320 | / | 80 |
| Arcane Vault | 2 | 260 | / | 60 |
| Town Hall | 3 | 1155 | / | 615 |
| Barracks | 1 | 160 | / | 60 |
| Blacksmith | 1 | 140 | / | 60 |
| Arcane Sanctum | 1 | 150 | / | 140 |
| Gryphon Aviary | 1 | 140 | / | 150 |
| Keep | 2 | 640 | / | 420 |
| Castle | 1 | 360 | / | 210 |
| total: | 78 | 4515g | / | 2475w |
| 0:01 | Peasant |
| 0:03 | Altar of Kings |
| 0:07 | Peasant |
| 0:13 | Peasant |
| 0:30 | Lumber Mill |
| 0:31 | Peasant |
| 0:33 | Farm |
| 0:45 | Peasant |
| 0:54 | Peasant |
| 1:09 | Scout Tower |
| 1:11 | Peasant |
| 1:13 | Farm |
| 1:22 | Peasant |
| 1:32 | Scout Tower |
| 1:36 | Arcane Tower |
| 1:38 | Peasant |
| 1:46 | Peasant |
| 1:55 | Scout Tower |
| 1:58 | Peasant |
| 2:01 | Guard Tower |
| 2:06 | Scout Tower |
| 2:12 | Peasant |
| 2:18 | Storm Bolt |
| 2:22 | Peasant |
| 2:29 | Guard Tower |
| 2:31 | Scout Tower |
| 3:01 | Arcane Tower |
| 3:03 | Scout Tower |
| 3:09 | Arcane Vault |
| 3:22 | Peasant |
| 3:25 | Improved Masonry |
| 3:25 | Advanced Masonry |
| 3:36 | Guard Tower |
| 3:45 | Scout Tower |
| 3:49 | Guard Tower |
| 4:09 | Farm |
| 4:20 | Guard Tower |
| 4:22 | Scout Tower |
| 4:22 | Scout Tower |
| 4:24 | Bash |
| 4:44 | Keep |
| 4:56 | Guard Tower |
| 4:57 | Scout Tower |
| 5:32 | Guard Tower |
| 5:34 | Scout Tower |
| 5:34 | Scout Tower |
| 6:12 | Storm Bolt |
| 6:15 | Farm |
| 6:20 | Guard Tower |
| 6:31 | Guard Tower |
| 6:34 | Scroll of Regeneration |
| 6:37 | Guard Tower |
| 6:44 | Scout Tower |
| 6:46 | Scout Tower |
| 7:01 | Boots of Speed |
| 7:01 | Staff of Teleportation |
| 7:15 | Imbued Masonry |
| 7:16 | Castle |
| 7:27 | Arcane Sanctum |
| 7:51 | Guard Tower |
| 7:52 | Scout Tower |
| 8:10 | Holy Light |
| 8:15 | Improved Lumber Harvesting |
| 8:19 | Scout Tower |
| 8:20 | Scout Tower |
| 8:21 | Scout Tower |
| 8:26 | Boots of Speed |
| 8:29 | Potion of Invisibility |
| 8:41 | Potion of Lesser Invulnerability |
| 9:29 | Guard Tower |
| 9:35 | Scout Tower |
| 9:38 | Magic Sentry |
| 9:40 | Arcane Tower |
| 9:40 | Guard Tower |
| 9:59 | Staff of Teleportation |
| 10:59 | Guard Tower |
| 10:59 | Divine Shield |
| 11:06 | Scout Tower |
| 11:07 | Scout Tower |
| 11:08 | Scout Tower |
| 11:08 | Scout Tower |
| 11:15 | Guard Tower |
| 11:23 | Scout Tower |
| 11:24 | Scout Tower |
| 11:35 | Siphon Mana |
| 11:41 | Arcane Vault |
| 11:46 | Scout Tower |
| 11:47 | Scout Tower |
| 12:05 | Guard Tower |
| 12:33 | Boots of Speed |
| 12:34 | Staff of Teleportation |
| 12:38 | Guard Tower |
| 12:40 | Guard Tower |
| 12:41 | Scout Tower |
| 12:47 | Guard Tower |
| 12:50 | Guard Tower |
| 12:52 | Scout Tower |
| 13:21 | Guard Tower |
| 13:34 | Town Hall |
| 14:14 | Scout Tower |
| 14:15 | Scout Tower |
| 14:16 | Scout Tower |
| 14:16 | Scout Tower |
| 14:28 | Guard Tower |
| 14:30 | Priest Adept Training |
| 14:30 | Priest |
| 14:44 | Bash |
| 15:04 | Scout Tower |
| 15:05 | Scout Tower |
| 15:06 | Scout Tower |
| 15:35 | Guard Tower |
| 15:42 | Goblin Zeppelin |
| 15:54 | Guard Tower |
| 15:57 | Guard Tower |
| 15:59 | Scout Tower |
| 15:59 | Scout Tower |
| 16:00 | Scout Tower |
| 16:21 | Guard Tower |
| 16:36 | Guard Tower |
| 16:37 | Scout Tower |
| 16:38 | Scout Tower |
| 16:39 | Scout Tower |
| 16:39 | Scout Tower |
| 16:40 | Scout Tower |
| 16:40 | Scout Tower |
| 16:46 | Banish |
| 17:06 | Guard Tower |
| 17:07 | Scout Tower |
| 17:07 | Scout Tower |
| 17:08 | Scout Tower |
| 17:08 | Scout Tower |
| 17:19 | Scout Tower |
| 17:19 | Scout Tower |
| 17:20 | Scout Tower |
| 17:20 | Scout Tower |
| 17:55 | Guard Tower |
| 17:57 | Scout Tower |
| 17:58 | Scout Tower |
| 17:59 | Scout Tower |
| 18:18 | Ancient Janggo of Endurance |
| 18:26 | Guard Tower |
| 18:52 | Guard Tower |
| 19:03 | Orb of Fire |
| 19:04 | Staff of Sanctuary |
| 19:21 | Orb of Fire |
| 19:24 | Staff of Sanctuary |
| 19:32 | Guard Tower |
| 19:36 | Guard Tower |
| 19:37 | Scout Tower |
| 19:38 | Scout Tower |
| 19:38 | Scout Tower |
| 19:38 | Scout Tower |
| 19:49 | Medallion of Courage |
| 21:08 | Town Hall |
| 21:09 | Scout Tower |
| 21:24 | Peasant |
| 21:24 | Peasant |
| 21:24 | Peasant |
| 21:30 | Scout Tower |
| 21:47 | Scout Tower |
| 22:31 | Holy Light |
| 24:14 | Gryphon Aviary |
| 24:53 | Siphon Mana |
| 25:31 | Storm Bolt |
| 25:39 | Dragonhawk Rider |
| 26:14 | Dragonhawk Rider |
| 26:18 | Barracks |
| 26:18 | Blacksmith |
| 26:44 | Town Hall |
| 27:20 | Divine Shield |
| 28:40 | Dragonhawk Rider |
| 28:52 | Banish |
| 28:56 | Peasant |
| 28:56 | Peasant |
| 28:56 | Peasant |
| 29:33 | Orb of Fire |
| 29:37 | Staff of Sanctuary |
| 29:56 | Talisman of Evasion |
| 30:00 | Guard Tower |
| 31:03 | Animal War Training |
| 31:04 | Iron Forged Swords |
| 31:04 | Studded Leather Armor |
| 32:15 | Avatar |
| 33:16 | Holy Light |
| 35:03 | Lesser Clarity Potion |
| 35:10 | Lesser Clarity Potion |
| 36:16 | Cloud |
| 36:31 | Siphon Mana |
| 38:25 | Steel Forged Swords |
| 38:25 | Reinforced Leather Armor |
| 39:42 | Divine Shield |
| 39:49 | Bash |
| 41:10 | Summon Phoenix |
| Right click | 2436 |
| Select group | 1558 |
| Select | 630 |
| Assign group | 384 |
| Build/train/purchase | 247 |
| Use ability | 144 |
| Chat | 139 |
| Resource trade | 73 |
| Misc. action | 49 |
| Item give/drop | 15 |
| Minimap ping | 3 |


| Healing Salve | 3 | 300 |
| Lesser Clarity Potion | 1 | 70 |
| Orb of Lightning | 1 | 375 |
| Staff of Teleportation | 2 | 300 |
| Boots of Speed | 1 | 250 |
| Staff of Sanctuary | 2 | 500 |
| Claws of Attack +12 | 1 | 500 |
| Legion Doom-Horn | 1 | 500 |
| total: | 12 | 2795g |
| Peon | 16 | 1200 | / | 0 |
| Troll Batrider | 32 | 5120 | / | 1280 |
| Goblin Zeppelin | 1 | 240 | / | 60 |
| total: | 49 | 6560g | / | 1340w |
| Watch Tower | 72 | 7920 | / | 5760 |
| Altar of Storms | 1 | 180 | / | 50 |
| Orc Burrow | 5 | 800 | / | 200 |
| War Mill | 3 | 615 | / | 0 |
| Voodoo Lounge | 2 | 260 | / | 60 |
| Great Hall | 2 | 770 | / | 370 |
| Beastiary | 4 | 580 | / | 560 |
| Stronghold | 1 | 315 | / | 190 |
| Fortress | 1 | 325 | / | 190 |
| total: | 89 | 11125g | / | 7000w |
| 0:01 | Peon |
| 0:06 | Altar of Storms |
| 0:13 | Peon |
| 0:17 | Orc Burrow |
| 0:19 | Peon |
| 0:32 | Peon |
| 0:49 | War Mill |
| 0:54 | Peon |
| 1:05 | Peon |
| 1:16 | Peon |
| 1:24 | Voodoo Lounge |
| 1:40 | Peon |
| 2:00 | Watch Tower |
| 2:01 | Watch Tower |
| 2:03 | Peon |
| 2:10 | War Stomp |
| 2:16 | Peon |
| 2:23 | Orc Burrow |
| 2:52 | Watch Tower |
| 3:02 | Watch Tower |
| 3:32 | Peon |
| 3:33 | Peon |
| 4:06 | Watch Tower |
| 4:07 | Watch Tower |
| 4:08 | Stronghold |
| 4:09 | Staff of Teleportation |
| 4:41 | Spiked Barricades |
| 4:46 | Watch Tower |
| 4:47 | Watch Tower |
| 4:48 | Watch Tower |
| 5:17 | Endurance Aura |
| 5:33 | Orc Burrow |
| 5:35 | Watch Tower |
| 5:45 | Watch Tower |
| 6:44 | Fortress |
| 6:47 | Watch Tower |
| 6:55 | Healing Salve |
| 6:58 | Lesser Clarity Potion |
| 7:09 | Reinforced Defenses |
| 7:15 | Watch Tower |
| 7:41 | Hex |
| 8:16 | Watch Tower |
| 8:30 | Watch Tower |
| 8:30 | Watch Tower |
| 8:55 | War Stomp |
| 9:43 | Orb of Lightning |
| 9:44 | Healing Salve |
| 9:59 | Beastiary |
| 9:59 | Beastiary |
| 10:02 | Beastiary |
| 10:08 | Watch Tower |
| 10:09 | Watch Tower |
| 10:10 | Watch Tower |
| 10:11 | Watch Tower |
| 10:12 | Watch Tower |
| 10:13 | Watch Tower |
| 10:13 | Watch Tower |
| 10:20 | Watch Tower |
| 10:21 | Watch Tower |
| 10:23 | Watch Tower |
| 10:23 | Watch Tower |
| 10:49 | War Mill |
| 11:42 | War Mill |
| 11:45 | Watch Tower |
| 11:46 | Watch Tower |
| 12:39 | Watch Tower |
| 12:41 | Watch Tower |
| 12:57 | Troll Batrider |
| 13:02 | Watch Tower |
| 13:02 | Watch Tower |
| 13:05 | Watch Tower |
| 13:27 | Troll Batrider |
| 13:36 | Watch Tower |
| 13:44 | Watch Tower |
| 13:44 | Watch Tower |
| 13:52 | Liquid Fire |
| 13:53 | Troll Batrider |
| 14:08 | Steel Ranged Weapons |
| 14:08 | Steel Armor |
| 14:19 | Troll Batrider |
| 14:32 | Orc Burrow |
| 14:39 | Watch Tower |
| 14:41 | Peon |
| 14:42 | Peon |
| 14:56 | Troll Batrider |
| 15:33 | Healing Wave |
| 15:40 | Watch Tower |
| 15:44 | Watch Tower |
| 15:45 | Watch Tower |
| 16:59 | Troll Batrider |
| 16:59 | Troll Batrider |
| 17:18 | Watch Tower |
| 17:19 | Watch Tower |
| 17:19 | Watch Tower |
| 17:20 | Watch Tower |
| 18:04 | Claws of Attack +12 |
| 18:29 | Great Hall |
| 18:32 | Watch Tower |
| 18:32 | Watch Tower |
| 18:33 | Watch Tower |
| 18:33 | Watch Tower |
| 18:34 | Watch Tower |
| 18:35 | Watch Tower |
| 18:37 | Troll Batrider |
| 18:59 | Endurance Aura |
| 19:09 | Staff of Teleportation |
| 19:09 | Boots of Speed |
| 19:22 | Troll Batrider |
| 19:31 | Orc Burrow |
| 19:35 | Watch Tower |
| 19:36 | Watch Tower |
| 19:38 | Watch Tower |
| 19:40 | Watch Tower |
| 20:16 | Goblin Zeppelin |
| 20:40 | Troll Batrider |
| 21:10 | Healing Salve |
| 21:16 | Watch Tower |
| 21:16 | Watch Tower |
| 21:17 | Watch Tower |
| 21:18 | Watch Tower |
| 21:41 | Troll Batrider |
| 22:00 | Troll Batrider |
| 22:01 | Troll Batrider |
| 22:03 | Beastiary |
| 22:08 | Peon |
| 22:08 | Peon |
| 22:34 | Troll Batrider |
| 22:36 | Watch Tower |
| 22:53 | Healing Wave |
| 23:11 | Troll Batrider |
| 23:23 | Troll Batrider |
| 24:03 | Troll Batrider |
| 24:11 | Thorium Armor |
| 24:42 | Troll Batrider |
| 24:43 | Troll Batrider |
| 25:27 | Watch Tower |
| 25:27 | Watch Tower |
| 25:28 | Watch Tower |
| 25:28 | Watch Tower |
| 25:34 | Troll Batrider |
| 26:36 | Troll Batrider |
| 27:29 | Watch Tower |
| 27:29 | Watch Tower |
| 27:30 | Watch Tower |
| 27:46 | Voodoo Lounge |
| 28:06 | War Stomp |
| 29:07 | Troll Batrider |
| 29:25 | Staff of Sanctuary |
| 29:43 | Troll Batrider |
| 30:06 | Troll Batrider |
| 31:02 | Hex |
| 32:03 | Legion Doom-Horn |
| 32:22 | Thorium Ranged Weapons |
| 32:22 | Arcanite Armor |
| 33:39 | Troll Batrider |
| 34:28 | Troll Batrider |
| 34:54 | Troll Batrider |
| 35:47 | Troll Batrider |
| 36:25 | Troll Batrider |
| 36:50 | Troll Batrider |
| 37:08 | Staff of Sanctuary |
| 38:03 | Troll Batrider |
| 38:24 | Troll Batrider |
| 39:17 | Reincarnation |
| 40:24 | Healing Wave |
| 41:28 | Watch Tower |
| 41:28 | Watch Tower |
| 41:29 | Watch Tower |
| 43:06 | Great Hall |
| 43:07 | Watch Tower |
| 43:40 | Watch Tower |
| Right click | 2603 |
| Select | 1395 |
| Select group | 1211 |
| Assign group | 285 |
| Use ability | 158 |
| Build/train/purchase | 148 |
| Chat | 82 |
| Minimap ping | 32 |
| Item give/drop | 7 |
| Resource trade | 6 |
| Misc. action | 5 |
| Remove unit | 1 |
299 units @ 36.6k
/ 5.1k
149 buildings @ 23.4k
/ 12.2k


| Wisp | 56 | 3360 | / | 0 |
| Archer | 6 | 780 | / | 60 |
| Dryad | 15 | 2175 | / | 900 |
| Mountain Giant | 4 | 1400 | / | 400 |
| Glaive Thrower | 1 | 210 | / | 65 |
| Makrura Snapper | 1 | 315 | / | 0 |
| Giant Sea Turtle | 1 | 295 | / | 35 |
| total: | 84 | 8535g | / | 1460w |
| Ancient Protector | 19 | 2565 | / | 1520 |
| Altar of Elders | 2 | 360 | / | 100 |
| Moon Well | 8 | 1440 | / | 320 |
| Ancient of War | 1 | 150 | / | 60 |
| Hunter's Hall | 1 | 210 | / | 100 |
| Ancient of Wonders | 1 | 90 | / | 30 |
| Tree of Life | 8 | 2720 | / | 1480 |
| Ancient of Lore | 3 | 465 | / | 435 |
| Tree of Ages | 1 | 320 | / | 180 |
| Tree of Eternity | 1 | 330 | / | 200 |
| total: | 43 | 8000g | / | 4045w |
| 0:02 | Wisp |
| 0:09 | Altar of Elders |
| 0:14 | Moon Well |
| 0:15 | Wisp |
| 0:23 | Ancient of War |
| 0:29 | Wisp |
| 0:45 | Wisp |
| 1:00 | Wisp |
| 1:16 | Wisp |
| 1:25 | Moon Well |
| 1:31 | Wisp |
| 1:34 | Archer |
| 1:46 | Wisp |
| 1:57 | Wisp |
| 2:17 | Wisp |
| 2:18 | Archer |
| 2:35 | Archer |
| 2:46 | Tree of Ages |
| 2:58 | Mana Burn |
| 3:13 | Moon Well |
| 3:31 | Hunter's Hall |
| 3:37 | Archer |
| 4:07 | Archer |
| 4:25 | Evasion |
| 4:31 | Archer |
| 4:36 | Ancient of Wonders |
| 4:42 | Ultravision |
| 4:52 | Moon Well |
| 5:33 | Ancient of Lore |
| 5:53 | Ancient of Lore |
| 6:06 | Improved Bows |
| 6:51 | Trueshot Aura |
| 7:25 | Dryad |
| 7:27 | Strength of the Wild |
| 7:35 | Moon Well |
| 7:44 | Mana Burn |
| 7:59 | Dryad |
| 8:21 | Tree of Eternity |
| 8:36 | Abolish Magic |
| 9:00 | Dryad |
| 9:49 | Makrura Snapper |
| 9:58 | Giant Sea Turtle |
| 10:09 | Tree of Life |
| 10:12 | Scout |
| 10:49 | Dryad |
| 10:52 | Wisp |
| 10:52 | Wisp |
| 11:01 | Moon Well |
| 11:22 | Mountain Giant |
| 11:30 | Moon Well |
| 12:19 | Mountain Giant |
| 12:25 | Wisp |
| 13:10 | Dryad |
| 13:22 | Wisp |
| 13:23 | Wisp |
| 13:24 | Wisp |
| 14:06 | Dryad |
| 14:12 | Wisp |
| 14:29 | Dryad |
| 14:33 | Improved Strength of the Wild |
| 14:44 | Dryad |
| 15:22 | Ancient Protector |
| 15:24 | Wisp |
| 15:28 | Tree of Life |
| 15:34 | Evasion |
| 15:47 | Ancient Protector |
| 15:54 | Wisp |
| 15:54 | Wisp |
| 16:11 | Dryad |
| 17:09 | Trueshot Aura |
| 17:16 | Wisp |
| 17:45 | Tree of Life |
| 17:53 | Tree of Life |
| 18:13 | Reinforced Hides |
| 19:51 | Wisp |
| 19:51 | Wisp |
| 20:33 | Dryad |
| 21:12 | Wisp |
| 21:12 | Wisp |
| 21:13 | Wisp |
| 21:16 | Wisp |
| 21:16 | Wisp |
| 21:16 | Wisp |
| 21:38 | Glaive Thrower |
| 21:41 | Vorpal Blades |
| 21:58 | Mountain Giant |
| 22:02 | Hardened Skin |
| 22:02 | Resistant Skin |
| 22:05 | Wisp |
| 22:06 | Wisp |
| 22:08 | Wisp |
| 23:05 | Wisp |
| 23:13 | Ancient Protector |
| 23:19 | Wisp |
| 23:24 | Tree of Life |
| 23:27 | Wisp |
| 23:31 | Ancient Protector |
| 23:39 | Wisp |
| 23:39 | Wisp |
| 26:35 | Advanced Strength of the Wild |
| 26:59 | Tree of Life |
| 28:05 | Altar of Elders |
| 28:10 | Moon Well |
| 28:13 | Improved Reinforced Hides |
| 29:03 | Wisp |
| 29:55 | Dryad |
| 29:58 | Advanced Reinforced Hides |
| 30:13 | Tree of Life |
| 30:16 | Ancient Protector |
| 30:22 | Ancient Protector |
| 30:32 | Ancient Protector |
| 31:05 | Ancient Protector |
| 31:22 | Wisp |
| 31:22 | Wisp |
| 31:33 | Mountain Giant |
| 31:50 | Ancient Protector |
| 32:23 | Ancient Protector |
| 32:26 | Ancient Protector |
| 32:38 | Wisp |
| 32:38 | Wisp |
| 32:42 | Well Spring |
| 33:10 | Tree of Life |
| 33:51 | Ancient Protector |
| 34:25 | Wisp |
| 34:25 | Wisp |
| 34:56 | Wisp |
| 35:09 | Ancient Protector |
| 36:11 | Wisp |
| 36:12 | Wisp |
| 36:18 | Wisp |
| 36:51 | Ancient Protector |
| 37:17 | Wisp |
| 37:17 | Wisp |
| 37:55 | Wisp |
| 37:55 | Wisp |
| 37:55 | Wisp |
| 38:04 | Ancient Protector |
| 38:06 | Ancient Protector |
| 38:07 | Ancient Protector |
| 39:34 | Wisp |
| 41:44 | Dryad |
| 41:44 | Dryad |
| 41:47 | Ancient of Lore |
| 41:57 | Wisp |
| 42:00 | Ancient Protector |
| 42:06 | Ancient Protector |
| 42:07 | Wisp |
| 42:18 | Dryad |
| 42:57 | Dryad |
| Select group | 944 |
| Select | 564 |
| Right click | 530 |
| Misc. action | 368 |
| Build/train/purchase | 131 |
| Use ability | 38 |
| Assign group | 37 |
| Esc | 12 |
| Chat | 11 |
| Resource trade | 9 |
| Minimap ping | 7 |
| Remove unit | 2 |



x1)
| Orb of Venom | 2 | 650 |
| Potion of Healing | 2 | 300 |
| Scroll of Town Portal | 3 | 1050 |
| Scroll of Healing | 1 | 250 |
| Periapt of Vitality | 1 | 325 |
| Potion of Lesser Invulnerability | 2 | 300 |
| Tome of Retraining | 1 | 300 |
| Staff of Teleportation | 1 | 150 |
| Replenishment Potion | 1 | 150 |
| total: | 14 | 3475g |
| Wisp | 38 | 2280 | / | 0 |
| Archer | 19 | 2470 | / | 190 |
| Hippogryph | 14 | 2240 | / | 280 |
| Chimaera | 2 | 660 | / | 140 |
| total: | 73 | 7650g | / | 610w |
| Ancient Protector | 15 | 2025 | / | 1200 |
| Altar of Elders | 1 | 180 | / | 50 |
| Moon Well | 7 | 1260 | / | 280 |
| Ancient of War | 1 | 150 | / | 60 |
| Hunter's Hall | 1 | 210 | / | 100 |
| Ancient of Wonders | 1 | 90 | / | 30 |
| Tree of Life | 4 | 1360 | / | 740 |
| Ancient of Wind | 2 | 300 | / | 280 |
| Chimaera Roost | 2 | 280 | / | 380 |
| Tree of Ages | 1 | 320 | / | 180 |
| Tree of Eternity | 1 | 330 | / | 200 |
| total: | 34 | 5855g | / | 3120w |
| 0:03 | Wisp |
| 0:03 | Wisp |
| 0:03 | Wisp |
| 0:15 | Altar of Elders |
| 0:20 | Moon Well |
| 0:35 | Ancient of War |
| 0:38 | Wisp |
| 0:38 | Wisp |
| 1:00 | Wisp |
| 1:27 | Moon Well |
| 1:33 | Wisp |
| 1:36 | Archer |
| 1:45 | Archer |
| 2:19 | Archer |
| 2:28 | Evasion |
| 2:53 | Archer |
| 2:55 | Wisp |
| 2:55 | Wisp |
| 3:01 | Moon Well |
| 3:05 | Archer |
| 3:41 | Wisp |
| 3:45 | Tree of Ages |
| 3:49 | Hunter's Hall |
| 4:22 | Mana Burn |
| 4:45 | Archer |
| 4:57 | Ancient Protector |
| 5:43 | Evasion |
| 5:50 | Replenishment Potion |
| 6:03 | Archer |
| 6:04 | Strength of the Moon |
| 6:05 | Moon Armor |
| 6:18 | Ancient of Wind |
| 6:24 | Ancient of Wind |
| 6:35 | Wisp |
| 6:35 | Wisp |
| 6:39 | Ancient of Wonders |
| 6:42 | Improved Bows |
| 6:47 | Moon Well |
| 7:49 | Tree of Life |
| 7:57 | Hippogryph |
| 8:28 | Wisp |
| 8:28 | Wisp |
| 8:48 | Periapt of Vitality |
| 9:06 | Potion of Lesser Invulnerability |
| 9:10 | Entangling Roots |
| 9:17 | Tome of Retraining |
| 9:17 | Retrain Hero |
| 9:31 | Hippogryph |
| 10:19 | Mana Burn |
| 10:49 | Force of Nature |
| 10:52 | Wisp |
| 10:52 | Wisp |
| 10:55 | Hippogryph |
| 10:57 | Archer |
| 11:00 | Improved Strength of the Moon |
| 11:00 | Improved Moon Armor |
| 11:03 | Nature's Blessing |
| 11:43 | Hippogryph |
| 14:01 | Scroll of Town Portal |
| 14:06 | Orb of Venom |
| 14:22 | Strength of the Wild |
| 14:22 | Reinforced Hides |
| 14:24 | Tree of Eternity |
| 14:26 | Wisp |
| 14:26 | Wisp |
| 14:27 | Wisp |
| 15:02 | Force of Nature |
| 15:22 | Evasion |
| 16:14 | Entangling Roots |
| 17:02 | Archer |
| 17:02 | Archer |
| 17:07 | Hippogryph |
| 17:09 | Advanced Strength of the Moon |
| 17:09 | Advanced Moon Armor |
| 17:12 | Archer |
| 17:12 | Marksmanship |
| 18:23 | Trueshot Aura |
| 18:25 | Archer |
| 18:25 | Archer |
| 18:38 | Hippogryph |
| 18:41 | Orb of Venom |
| 18:41 | Potion of Healing |
| 18:41 | Potion of Healing |
| 19:28 | Archer |
| 19:28 | Archer |
| 19:33 | Hippogryph |
| 19:37 | Moon Well |
| 19:43 | Chimaera Roost |
| 21:09 | Chimaera |
| 21:16 | Chimaera Roost |
| 21:54 | Moon Well |
| 21:58 | Improved Strength of the Wild |
| 21:59 | Improved Reinforced Hides |
| 23:26 | Force of Nature |
| 23:26 | Force of Nature |
| 23:55 | Scout |
| 24:20 | Hippogryph |
| 24:28 | Chimaera |
| 24:28 | Corrosive Breath |
| 24:52 | Archer |
| 24:53 | Archer |
| 24:53 | Archer |
| 24:53 | Archer |
| 25:10 | Tree of Life |
| 25:13 | Ancient Protector |
| 25:16 | Wisp |
| 25:16 | Wisp |
| 25:16 | Wisp |
| 25:17 | Wisp |
| 25:17 | Wisp |
| 25:38 | Potion of Lesser Invulnerability |
| 26:18 | Hippogryph |
| 26:31 | Staff of Teleportation |
| 26:34 | Scroll of Healing |
| 26:38 | Scroll of Town Portal |
| 26:53 | Tree of Life |
| 26:58 | Ancient Protector |
| 27:01 | Ancient Protector |
| 29:02 | Tree of Life |
| 29:18 | Scroll of Town Portal |
| 29:53 | Wisp |
| 29:53 | Wisp |
| 29:54 | Wisp |
| 31:25 | Ancient Protector |
| 31:30 | Ancient Protector |
| 31:33 | Wisp |
| 31:36 | Hippogryph |
| 31:45 | Metamorphosis |
| 32:25 | Ancient Protector |
| 32:47 | Ancient Protector |
| 32:48 | Wisp |
| 32:48 | Wisp |
| 33:11 | Hippogryph |
| 34:38 | Wisp |
| 34:38 | Wisp |
| 34:38 | Wisp |
| 34:45 | Ancient Protector |
| 34:50 | Ancient Protector |
| 34:56 | Moon Well |
| 35:18 | Hippogryph |
| 35:55 | Ancient Protector |
| 36:35 | Ancient Protector |
| 36:36 | Wisp |
| 36:44 | Hippogryph |
| 36:44 | Hippogryph |
| 37:14 | Ancient Protector |
| 37:27 | Ancient Protector |
| 38:24 | Ancient Protector |
| 42:02 | Wisp |
| 42:02 | Wisp |
| 42:03 | Wisp |
| 42:03 | Wisp |
| Right click | 933 |
| Select | 435 |
| Build/train/purchase | 156 |
| Use ability | 56 |
| Select group | 24 |
| Assign group | 12 |
| Minimap ping | 10 |
| Item give/drop | 9 |
| Remove unit | 3 |

| Scroll of Regeneration | 3 | 300 |
| Lesser Clarity Potion | 3 | 210 |
| Potion of Healing | 1 | 150 |
| Scroll of Town Portal | 1 | 350 |
| total: | 8 | 1010g |
| Peasant | 24 | 1800 | / | 0 |
| Footman | 2 | 270 | / | 0 |
| Rifleman | 18 | 3690 | / | 540 |
| Priest | 7 | 945 | / | 70 |
| Knight | 12 | 2940 | / | 720 |
| Sorceress | 7 | 1085 | / | 140 |
| Siege Engine | 14 | 2730 | / | 840 |
| total: | 84 | 13460g | / | 2310w |
| Scout Tower | 18 | 540 | / | 360 |
| Guard Tower | 15 | 1050 | / | 750 |
| Altar of Kings | 1 | 180 | / | 50 |
| Farm | 12 | 960 | / | 240 |
| Barracks | 2 | 320 | / | 120 |
| Blacksmith | 1 | 140 | / | 60 |
| Lumber Mill | 3 | 360 | / | 0 |
| Arcane Vault | 2 | 260 | / | 60 |
| Town Hall | 4 | 1540 | / | 820 |
| Cannon Tower | 1 | 120 | / | 100 |
| Arcane Sanctum | 1 | 150 | / | 140 |
| Workshop | 2 | 280 | / | 280 |
| Keep | 1 | 320 | / | 210 |
| Castle | 1 | 360 | / | 210 |
| total: | 46 | 4730g | / | 2130w |
| 0:03 | Peasant |
| 0:04 | Peasant |
| 0:04 | Peasant |
| 0:04 | Peasant |
| 0:04 | Peasant |
| 0:24 | Altar of Kings |
| 0:33 | Farm |
| 0:47 | Barracks |
| 0:56 | Peasant |
| 1:09 | Peasant |
| 1:13 | Blacksmith |
| 1:16 | Peasant |
| 1:33 | Farm |
| 1:53 | Lumber Mill |
| 1:56 | Peasant |
| 2:09 | Footman |
| 2:10 | Footman |
| 2:19 | Farm |
| 2:38 | Rifleman |
| 2:45 | Summon Water Elemental |
| 3:09 | Black Gunpowder |
| 3:11 | Rifleman |
| 3:28 | Farm |
| 4:36 | Keep |
| 4:39 | Rifleman |
| 4:39 | Rifleman |
| 4:45 | Arcane Vault |
| 4:49 | Studded Leather Armor |
| 4:58 | Blizzard |
| 5:31 | Town Hall |
| 6:00 | Farm |
| 6:07 | Barracks |
| 6:17 | Scroll of Regeneration |
| 6:25 | Lesser Clarity Potion |
| 6:50 | Farm |
| 7:00 | Improved Lumber Harvesting |
| 7:01 | Peasant |
| 7:02 | Peasant |
| 7:04 | Peasant |
| 7:04 | Peasant |
| 7:20 | Long Rifles |
| 7:40 | Brilliance Aura |
| 7:47 | Arcane Sanctum |
| 8:05 | Rifleman |
| 8:05 | Rifleman |
| 8:23 | Rifleman |
| 8:32 | Lumber Mill |
| 8:35 | Refined Gunpowder |
| 9:30 | Scout Tower |
| 9:32 | Castle |
| 9:53 | Scout Tower |
| 9:58 | Scout Tower |
| 10:01 | Scout Tower |
| 10:03 | Scout Tower |
| 10:23 | Guard Tower |
| 10:25 | Guard Tower |
| 10:27 | Priest Adept Training |
| 10:28 | Sorceress Adept Training |
| 10:37 | Guard Tower |
| 10:58 | Summon Water Elemental |
| 11:23 | Improved Masonry |
| 11:30 | Iron Forged Swords |
| 11:30 | Iron Plating |
| 11:34 | Guard Tower |
| 11:35 | Guard Tower |
| 11:55 | Animal War Training |
| 11:56 | Sundering Blades |
| 11:58 | Advanced Lumber Harvesting |
| 12:23 | Priest Master Training |
| 12:27 | Priest |
| 12:30 | Knight |
| 12:32 | Knight |
| 13:26 | Knight |
| 13:27 | Knight |
| 13:34 | Sorceress Master Training |
| 13:35 | Sorceress |
| 13:35 | Priest |
| 13:36 | Sorceress |
| 13:58 | Rifleman |
| 13:59 | Rifleman |
| 14:09 | Steel Forged Swords |
| 14:31 | Scroll of Regeneration |
| 14:35 | Potion of Healing |
| 14:46 | Rifleman |
| 14:49 | Rifleman |
| 14:52 | Rifleman |
| 14:57 | Magic Sentry |
| 14:59 | Priest |
| 15:00 | Sorceress |
| 15:05 | Farm |
| 15:07 | Farm |
| 15:09 | Farm |
| 15:27 | Scout Tower |
| 15:29 | Scout Tower |
| 15:31 | Scout Tower |
| 15:34 | Scout Tower |
| 16:05 | Guard Tower |
| 16:07 | Guard Tower |
| 16:08 | Guard Tower |
| 16:11 | Guard Tower |
| 16:41 | Workshop |
| 16:45 | Workshop |
| 16:50 | Peasant |
| 16:50 | Peasant |
| 17:11 | Scout Tower |
| 17:13 | Advanced Masonry |
| 17:16 | Scout Tower |
| 17:17 | Peasant |
| 17:18 | Peasant |
| 17:18 | Peasant |
| 17:58 | Barrage |
| 17:59 | Siege Engine |
| 18:05 | Peasant |
| 18:05 | Peasant |
| 18:05 | Peasant |
| 18:14 | Guard Tower |
| 18:17 | Scroll of Regeneration |
| 18:36 | Scroll of Town Portal |
| 19:11 | Scout Tower |
| 19:14 | Scout Tower |
| 19:17 | Imbued Masonry |
| 19:26 | Lumber Mill |
| 19:31 | Siege Engine |
| 19:32 | Siege Engine |
| 19:46 | Guard Tower |
| 20:50 | Brilliance Aura |
| 21:13 | Farm |
| 21:41 | Farm |
| 21:46 | Steel Plating |
| 21:51 | Imbued Gunpowder |
| 22:06 | Siege Engine |
| 22:06 | Siege Engine |
| 23:47 | Siege Engine |
| 23:56 | Arcane Vault |
| 24:03 | Priest |
| 24:03 | Priest |
| 24:04 | Sorceress |
| 24:04 | Sorceress |
| 24:05 | Knight |
| 24:07 | Rifleman |
| 24:11 | Farm |
| 27:15 | Knight |
| 27:16 | Knight |
| 27:17 | Knight |
| 27:17 | Knight |
| 28:26 | Guard Tower |
| 28:29 | Siege Engine |
| 28:30 | Siege Engine |
| 28:31 | Siege Engine |
| 28:31 | Siege Engine |
| 28:32 | Siege Engine |
| 28:37 | Rifleman |
| 28:40 | Priest |
| 28:40 | Priest |
| 29:38 | Sorceress |
| 29:39 | Sorceress |
| 30:04 | Lesser Clarity Potion |
| 30:17 | Rifleman |
| 30:17 | Rifleman |
| 30:21 | Mass Teleport |
| 30:30 | Guard Tower |
| 30:32 | Siege Engine |
| 31:11 | Siege Engine |
| 31:38 | Scout Tower |
| 31:40 | Scout Tower |
| 32:08 | Scout Tower |
| 32:10 | Guard Tower |
| 32:13 | Cannon Tower |
| 33:26 | Guard Tower |
| 36:19 | Town Hall |
| 36:28 | Town Hall |
| 40:11 | Rifleman |
| 40:11 | Knight |
| 40:14 | Knight |
| 40:15 | Rifleman |
| 40:22 | Peasant |
| 40:22 | Peasant |
| 40:22 | Peasant |
| 40:28 | Siege Engine |
| 41:11 | Lesser Clarity Potion |
| 42:53 | Town Hall |
| 43:02 | Scout Tower |
| 43:04 | Scout Tower |
| 43:26 | Knight |
| Right click | 409 |
| Select | 394 |
| Select group | 191 |
| Build/train/purchase | 184 |
| Assign group | 20 |
| Resource trade | 17 |
| Use ability | 11 |
| Minimap ping | 5 |
| Item give/drop | 3 |


| Potion of Healing | 1 | 150 |
| Scroll of Town Portal | 2 | 700 |
| Boots of Speed | 1 | 250 |
| total: | 4 | 1100g |
| Wisp | 29 | 1740 | / | 0 |
| Archer | 14 | 1820 | / | 140 |
| Hippogryph | 9 | 1440 | / | 180 |
| Chimaera | 6 | 1980 | / | 420 |
| total: | 58 | 6980g | / | 740w |
| Altar of Elders | 1 | 180 | / | 50 |
| Moon Well | 8 | 1440 | / | 320 |
| Ancient of War | 1 | 150 | / | 60 |
| Ancient of Wonders | 1 | 90 | / | 30 |
| Hunter's Hall | 3 | 630 | / | 300 |
| Tree of Life | 3 | 1020 | / | 555 |
| Ancient of Wind | 2 | 300 | / | 280 |
| Chimaera Roost | 7 | 980 | / | 1330 |
| Tree of Ages | 1 | 320 | / | 180 |
| Tree of Eternity | 2 | 660 | / | 400 |
| total: | 26 | 4790g | / | 2925w |
| 0:02 | Wisp |
| 0:02 | Wisp |
| 0:08 | Altar of Elders |
| 0:13 | Wisp |
| 0:17 | Moon Well |
| 0:34 | Wisp |
| 0:46 | Ancient of War |
| 0:50 | Wisp |
| 0:50 | Wisp |
| 1:15 | Wisp |
| 1:21 | Moon Well |
| 1:30 | Wisp |
| 1:46 | Archer |
| 1:50 | Wisp |
| 1:50 | Wisp |
| 2:13 | Force of Nature |
| 2:14 | Archer |
| 2:33 | Archer |
| 2:35 | Tree of Ages |
| 3:00 | Archer |
| 3:04 | Moon Well |
| 3:24 | Archer |
| 3:34 | Moon Well |
| 3:42 | Ancient of Wonders |
| 3:59 | Archer |
| 4:15 | Entangling Roots |
| 4:23 | Hunter's Hall |
| 5:01 | Improved Bows |
| 5:05 | Ancient of Wind |
| 5:09 | Ancient of Wind |
| 5:33 | Archer |
| 5:36 | Strength of the Moon |
| 6:30 | Hippogryph |
| 6:53 | Tree of Life |
| 6:57 | Tree of Life |
| 7:05 | Hippogryph |
| 7:07 | Moon Armor |
| 7:11 | Archer |
| 7:16 | Wisp |
| 7:54 | Wisp |
| 7:56 | Improved Strength of the Moon |
| 7:58 | Hippogryph |
| 8:19 | Entangling Roots |
| 8:34 | Force of Nature |
| 9:25 | Hippogryph |
| 9:27 | Archer |
| 9:27 | Archer |
| 9:38 | Hunter's Hall |
| 9:51 | Scroll of Town Portal |
| 10:02 | Wisp |
| 10:03 | Wisp |
| 10:03 | Wisp |
| 10:03 | Wisp |
| 10:03 | Wisp |
| 10:12 | Hippogryph |
| 10:25 | Wisp |
| 10:30 | Wisp |
| 10:46 | Boots of Speed |
| 10:59 | Hippogryph |
| 11:19 | Tree of Eternity |
| 13:50 | Hunter's Hall |
| 13:59 | Hippogryph |
| 14:04 | Entangling Roots |
| 14:06 | Scroll of Town Portal |
| 14:08 | Potion of Healing |
| 14:15 | Wisp |
| 14:15 | Wisp |
| 14:15 | Wisp |
| 14:18 | Moon Well |
| 14:23 | Moon Well |
| 14:26 | Moon Well |
| 15:17 | Archer |
| 15:18 | Marksmanship |
| 15:19 | Archer |
| 15:19 | Archer |
| 15:21 | Hippogryph |
| 15:22 | Advanced Strength of the Moon |
| 15:23 | Improved Moon Armor |
| 16:21 | Tranquility |
| 17:20 | Trueshot Aura |
| 17:28 | Archer |
| 17:29 | Hippogryph |
| 18:43 | Chimaera Roost |
| 18:43 | Chimaera Roost |
| 18:45 | Chimaera Roost |
| 18:45 | Chimaera Roost |
| 18:48 | Chimaera Roost |
| 18:51 | Chimaera Roost |
| 18:56 | Chimaera Roost |
| 19:16 | Wisp |
| 19:17 | Wisp |
| 19:20 | Moon Well |
| 19:23 | Strength of the Wild |
| 19:27 | Wisp |
| 19:27 | Wisp |
| 19:27 | Wisp |
| 19:32 | Wisp |
| 19:32 | Wisp |
| 20:18 | Chimaera |
| 20:21 | Corrosive Breath |
| 21:15 | Chimaera |
| 21:17 | Chimaera |
| 23:37 | Chimaera |
| 26:00 | Searing Arrows |
| 27:43 | Chimaera |
| 27:43 | Chimaera |
| 29:24 | Tree of Life |
| 39:01 | Force of Nature |
| Right click | 1828 |
| Select | 506 |
| Select group | 465 |
| Build/train/purchase | 113 |
| Assign group | 71 |
| Use ability | 69 |
| Minimap ping | 26 |
| Misc. action | 24 |
| Chat | 11 |
| Esc | 8 |
| Item give/drop | 3 |